 Dungeon Crawl Stone Soup version 0.29.1-4-g47bece8355 (webtiles) character file.

Game seed: 10767661818806573548

13555 LustLizard the Destroyer (level 12, -6/84 HPs)
             Began as an Octopode Air Elementalist on Dec 5, 2022.
             Was an Initiate of Gozag.
             Mangled by an angel
             ... wielding a +3 sacred scourge of holy wrath
              (24 damage)
             ... on level 2 of the Abyss.
             The game lasted 00:41:11 (18897 turns).

LustLizard the Destroyer (OpAE)                    Turns: 18897, Time: 00:41:12

Health: -6/84      AC:  5    Str:  7    XL:     12   Next: 7%
Magic:  9/22       EV: 20    Int: 23    God:    Gozag
Gold:   1948       SH:  0    Dex: 26    Spells: 11/25 levels left

rFire   . . .      SeeInvis +   z - +10 sling "Guaw" {freeze, rC++}
rCold   + + +      Faith    .   (no shield)
rNeg    + + .      Spirit   .   (helmet restricted)
rPois   .          Reflect  .   (no amulet)
rElec   .          Harm     .   d - ring of see invisible
rCorr   .          Rampage  .   g - +6 ring of dexterity
Will    .....                   q - ring of the Meadowlark {*Corrode rN+ Dex+8}
Stlth   ++........              y - ring of positive energy
HPRegen 0.24/turn               t - ring of flight
MPRegen 0.18/turn               R - +4 ring of protection
                                Q - ring of protection from cold
                                (no ring)

@: about to teleport, flying, glowing
A: almost no armour, amphibious, 8 rings, camouflage 1, gelatinous body 1,
(nimble swimmer 1), tentacles
a: Renounce Religion, Potion Petition, Call Merchant, Bribe Branch


You were on level 2 of the Abyss.
You worshipped Gozag.
Gozag was most pleased with you.
You visited 2 branches of the dungeon, and saw 11 of its levels.
You visited the Abyss 1 time.
You also visited: Sewer and Ossuary.

You collected 1999 gold pieces.
You paid 51 gold pieces to Gozag.

Inventory:

Hand Weapons
 k - a +0 short sword
 z - the +10 sling "Guaw" (weapon) {freeze, rC++}
   (You found it on level 4 of the Dungeon)

   Any ammunition fired from it freezes those it strikes, dealing additional
   cold damage.
   It can also slow down cold-blooded creatures.
   rC:        It greatly protects you from cold.
Missiles
 b - 50 poisoned darts
 l - 9 boomerangs
 r - a throwing net
Jewellery
 d - a ring of see invisible (left tentacle)
 g - a +6 ring of dexterity (right tentacle)
 q - the ring of the Meadowlark (on tentacle) {*Corrode rN+ Dex+8}
   (You found it on level 3 of the Dungeon)

   [ring of positive energy]

   Dex:       It affects your dexterity (+8).
   rN:        It protects you from negative energy.
   *Corrode:  It may corrode you when you take damage.
 t - a ring of flight (on tentacle)
 y - a ring of positive energy (on tentacle)
 B - an amulet of guardian spirit
 O - a ring of ice
 Q - a ring of protection from cold (on tentacle)
 R - a +4 ring of protection (on tentacle)
Wands
 c - a wand of mindburst (12)
 L - a wand of roots (11)
 N - a wand of paralysis (9)
Scrolls
 e - 3 scrolls of fear {unknown}
 j - 2 scrolls of poison
 n - 2 scrolls of amnesia {unknown}
 v - 2 scrolls of enchant weapon {unknown}
 x - a scroll of butterflies {unknown}
 A - 2 scrolls of vulnerability {unknown}
 D - a scroll of silence {unknown}
 E - 2 scrolls of summoning {unknown}
 G - a scroll of enchant armour {unknown}
 I - a scroll of brand weapon {unknown}
 K - 2 scrolls of blinking {unknown}
Potions
 a - 4 potions of might
 h - 2 potions of degeneration
 i - a potion of curing
 m - 3 potions of lignification
 o - 3 potions of cancellation
 p - 5 potions of haste
 s - a potion of magic
 u - 5 potions of brilliance
 w - 3 potions of resistance
 C - 6 potions of attraction
 F - a potion of invisibility
 H - 2 potions of mutation
 J - a potion of flight
 M - a potion of berserk rage {unknown}
Miscellaneous
 S - a phantom mirror (inert)


   Skills:
 - Level 8.5 Fighting
 + Level 6.9 Ranged Weapons
 - Level 2.0 Throwing
 - Level 7.9 Dodging
 - Level 6.2 Stealth
 + Level 7.3 Spellcasting
 - Level 9.5 Conjurations
 - Level 4.0 Transmutations
 - Level 6.0 Air Magic
 + Level 6.5 Evocations


You had 11 spell levels left.
You knew the following spells:

 Your Spells              Type           Power      Damage    Failure   Level
a - Shock                 Conj/Air       100%       1d9       1%          1
b - Swiftness             Air            36%        N/A       1%          3
c - Airstrike             Air            18%        2d(3-19)  6%          4
d - Static Discharge      Conj/Air       44%        3-9/arc   1%          2
e - Blink                 Tloc           16%        N/A       12%         2
f - Wereblood             Tmut           26%        N/A       2%          2

Your spell library contained the following spells:

 Spells                   Type           Power      Damage    Failure   Level
 Sublimation of Blood     Necr           8%         N/A       12%         2
 Manifold Assault         Tloc           8%         N/A       91%         5
 Storm Form               Tmut/Air       15%        N/A       100%        7
 Summon Hydra             Summ           4%         N/A       100%        7


Dungeon Overview and Level Annotations

Branches:
Dungeon (10/15)            Temple (1/1) D:4            Lair (0/5) D:8
    Orc (0/2) D:10          Sewer (visited)         Ossuary (visited)

Altars:
Cheibriados
Gozag
Hepliaklqana
Kikubaaqudgha
Makhleb
Nemelex Xobeh
Qazlal
Ru
Sif Muna
Trog
Uskayaw
Wu Jian
Xom
Yredelemnul
Zin

Shops:
D:5 :   D:7 (

Annotations:
D:6 exclusion: downstairs
D:9 exclusion: two-headed ogre
D:10 exclusion: two-headed ogre, Erolcha, Grum


Innate Abilities, Weirdness & Mutations

You cannot wear most types of armour.
You are amphibious.
You can wear up to eight rings at the same time.
Your skin changes colour to match your surroundings (Stealth+).
Your rubbery body absorbs attacks. (AC +1, EV +1)
((You are camouflaged when in or above water. (Stealth+)))
You have tentacles for arms and can constrict up to eight enemies at once.


Message History

Fire: z) +10 sling "Guaw" {freeze, rC++}
Press: ? - help, Shift-Dir - straight line, f/p - large abomination
Aim: a large abomination (heavily damaged, 84% to hit)
You shoot a sling bullet.
The sling bullet hits the large abomination!
The sling bullet freezes the large abomination.
The large abomination is almost destroyed.
The large abomination closely misses you.
Fire: z) +10 sling "Guaw" {freeze, rC++}
Press: ? - help, Shift-Dir - straight line, f/p - large abomination
Aim: a large abomination (almost destroyed, 84% to hit)
You shoot a sling bullet.
The sling bullet hits the large abomination!
The sling bullet freezes the large abomination.
You destroy the large abomination!
Your magical contamination has completely faded away.
You start resting.
An angel comes into view.
It is wielding a +3 sacred scourge of holy wrath.
As you read the scroll of teleportation, it crumbles to dust.
You feel strangely unstable.
You feel the power of the Abyss delaying your translocation!
The angel shouts!
You start resting.
An angel is nearby!
The angel hits you with a +3 sacred scourge of holy wrath!
The angel hits you with a +3 sacred scourge of holy wrath.
The angel barely misses you. The angel completely misses you.
The angel attacks as you move away!
The angel hits you with a +3 sacred scourge of holy wrath.
The angel closely misses you.
The angel hits you with a +3 sacred scourge of holy wrath!
The angel hits you with a +3 sacred scourge of holy wrath. x2
The angel hits you with a +3 sacred scourge of holy wrath!!
The angel attacks as you move away! The angel barely misses you.
The angel hits you with a +3 sacred scourge of holy wrath!
* * * LOW HITPOINT WARNING * * *
The angel attacks as you move away!
The angel hits you with a +3 sacred scourge of holy wrath!!
You die...
Your body crumbles into a pile of gold.

. ..#
#####.$..
#...... .#
#.##..# .
#.##..#..
#........#
#....## ##
#....#
#@.#.#
#A$..#
#....#
######


You could see an angel.

Vanquished Creatures
  Amaemon (D:10)
  A wretched star (Abyss:2)
  An orange demon (D:10)
  A kobold demonologist (D:9)
  A komodo dragon (D:8)
  2 efreet (Abyss:2)
  The ghost of javelincjr the Conjurer, a novice DECj (D:4)
  An ancient zyme (Abyss:2)
  3 hornets (D:9)
  3 raiju (Abyss:2)
  2 large abominations (Abyss:2)
  2 flying skulls (Abyss:2)
  A wyvern (D:6)
  18 yaks
  A chaos spawn (Abyss:2)
  A steam dragon (D:6)
  2 water moccasins
  2 black bears
  A sky beast (D:6)
  5 orc warriors
  3 wolves (D:10)
  An ogre (D:6)
  5 kobold brigands
  A bullfrog (D:9)
  2 necrophages
  3 water moccasin zombies (Ossuary)
  7 wyvern zombies (Ossuary)
  12 wights
  3 small abominations (Abyss:2)
  A howler monkey (D:6)
  8 bullfrog zombies (Ossuary)
  3 centaur zombies (Ossuary)
  5 orc priests
  2 gnoll boudas
  2 hounds
  7 jellies
  An iron imp (Abyss:2)
  4 iguanas
  7 orc wizards
  2 killer bee zombies (Ossuary)
  13 mummies (Ossuary)
  4 howler monkey zombies (Ossuary)
  Robin (D:3)
  12 gnolls
  8 adders
  2 river rats (Sewer)
  2 white imps (D:7)
  An ufetubus (D:6)
  A worm zombie (D:6)
  4 worms
  3 dart slugs
  45 orcs
  7 ball pythons
  11 endoplasms
  8 giant cockroaches
  11 goblins
  6 hobgoblins
  3 jackals (D:5)
  19 kobolds
  3 quokkas
  5 bats
  4 frilled lizards
  An orc zombie (D:6)
  7 rats
310 creatures vanquished.

Vanquished Creatures (others)
  A small abomination (Abyss:2)
  18 fungi (D:10)
  A lurking horror (Abyss:2)
  12 plants
  4 starspawn tentacles (Abyss:2)
36 creatures vanquished.

Grand Total: 346 creatures vanquished

Notes
Turn   | Place    | Note
-------+----------+-------------------------------------------
     0 | D:1      | LustLizard the Octopode Air Elementalist began the quest
                  | for the Orb.
     0 | D:1      | Reached XP level 1. HP: 11/11 MP: 3/3
   379 | D:1      | Reached XP level 2. HP: 17/17 MP: 3/5
   712 | D:1      | Reached XP level 3. HP: 21/21 MP: 0/6
   831 | D:1      | Learned a level 3 spell: Swiftness
   946 | D:1      | Found a faded altar of an unknown god.
  1012 | D:1      | Found a sparkling altar of Nemelex Xobeh.
  1805 | D:3      | Reached skill level 2 in Conjurations
  1850 | D:3      | Identified the ring of the Meadowlark {*Corrode rN+ Dex+8}
  1957 | D:3      | Reached XP level 4. HP: 22/27 MP: 1/7
  2007 | D:3      | Reached skill level 1 in Throwing
  2008 | D:3      | HP: 1/27 [orc/+0 hand axe (5)]
  2157 | D:3      | Found a glowing drain.
  2181 | Sewer    | Entered a sewer
  2498 | Sewer    | Reached XP level 5. HP: 31/31 MP: 6/8
  2876 | Sewer    | Reached skill level 3 in Conjurations
  2915 | Sewer    | Reached XP level 6. HP: 36/36 MP: 4/10
  2962 | Sewer    | Found a viscous altar of Jiyva.
  3309 | D:3      | Learned a level 4 spell: Airstrike
  3502 | D:3      | Noticed Robin
  3923 | D:3      | Killed Robin
  4635 | D:4      | Reached skill level 9 in Conjurations
  4635 | D:4      | Reached XP level 7. HP: 52/52 MP: 10/16
  4636 | D:4      | Reached skill level 5 in Dodging
  4636 | D:4      | Reached XP level 8. HP: 61/61 MP: 10/18
  4721 | D:4      | Learned a level 2 spell: Static Discharge
  4789 | D:4      | Found a runed translucent door.
  4791 | D:4      | Noticed javelincjr's ghost (novice DECj)
  4911 | D:4      | Identified the +10 sling "Guaw" {freeze, rC++}
  4980 | D:4      | Found a shimmering altar of Xom.
  5011 | D:4      | Found an ancient bone altar of Kikubaaqudgha.
  5262 | D:4      | Found a staircase to the Ecumenical Temple.
  5272 | Temple   | Entered the Ecumenical Temple
  5324 | Temple   | Became a worshipper of Gozag Ym Sagoz the Greedy
  5436 | D:4      | Found a sacrificial altar of Ru.
  5483 | D:4      | Found a stormy altar of Qazlal.
  5485 | D:4      | Found a glowing silver altar of Zin.
  5485 | D:4      | Found a bloodstained altar of Trog.
  5497 | D:4      | Found a hazy altar of Hepliaklqana.
  5800 | D:5      | Entered Level 5 of the Dungeon
  5944 | D:5      | Found Yzeohess's Vocational Training.
  6140 | D:5      | Reached skill level 1 in Ranged Weapons
  6303 | D:6      | Noticed a wyvern
  6307 | D:6      | Killed a wyvern
  6308 | D:6      | Reached XP level 9. HP: 28/66 MP: 10/19
  6315 | D:6      | Reached skill level 5 in Stealth
  6498 | D:6      | Found a sand-covered staircase.
  6573 | Ossuary  | Entered an ossuary
  7047 | Ossuary  | HP: 1/66 [wyvern zombie (11)]
  8244 | D:6      | Reached XP level 10. HP: 72/72 MP: 20/20
  8265 | D:6      | Found a hide-covered altar of Uskayaw.
  8876 | D:6      | Reached skill level 1 in Evocations
  9832 | D:7      | Found Lueq's Weapon Emporium.
 10250 | D:7      | Reached skill level 5 in Ranged Weapons
 11937 | D:8      | Found a staircase to the Lair.
 12821 | D:9      | Noticed a kobold demonologist
 12883 | D:9      | Reached XP level 11. HP: 77/77 MP: 6/21
 13123 | D:9      | Noticed a two-headed ogre
 13316 | D:9      | Learned a level 2 spell: Blink
 13319 | D:9      | Learned a level 2 spell: Wereblood
 13561 | D:9      | Reached skill level 1 in Transmutations
 13561 | D:9      | Reached skill level 5 in Evocations
 15223 | D:4      | Killed javelincjr's ghost
 15522 | D:10     | Entered Level 10 of the Dungeon
 15561 | D:10     | Noticed Erolcha
 15572 | D:10     | Noticed Grum
 15753 | D:10     | Noticed Amaemon
 16780 | D:10     | Killed Amaemon
 17415 | D:10     | Found a staircase to the Orcish Mines.
 17433 | D:10     | Noticed a two-headed ogre
 17601 | Abyss:2  | Cast into level 2 of the Abyss (Erolcha)
 17620 | Abyss:2  | Noticed a wretched star
 17626 | Abyss:2  | Killed a wretched star
 17850 | Abyss:2  | Noticed a tentacled starspawn
 18133 | Abyss:2  | Reached XP level 12. HP: 77/84 MP: 9/22
 18149 | Abyss:2  | Noticed a thrashing horror
 18154 | Abyss:2  | Noticed a thrashing horror
 18331 | Abyss:2  | Noticed a tentacled starspawn
 18339 | Abyss:2  | Noticed a vampire mage
 18351 | Abyss:2  | Noticed a starcursed mass
 18391 | Abyss:2  | Noticed a tentacled starspawn
 18403 | Abyss:2  | Noticed a Hell Sentinel
 18845 | Abyss:2  | Noticed a starcursed mass
 18887 | Abyss:2  | Noticed an angel
 18897 | Abyss:2  | Mangled by an angel

Illustrated notes

Levels and vault maps discovered:
D:1:      dpeg_arrival_water_altar, layout_basic,
          shapermc_ecumenical_altar_flowoftime
D:2:      layout_rooms, serial_bayou_lagoon_a, minmay_misc_feat_square
D:3:      layout_basic, cheibrodos_sewer_entry_drain, uniq_robin
D:4:      layout_basic, grunt_temple_overflow_open,
          mainiacjoe_overflow_two_lobes, nicolae_ru_path_of_blood,
          minmay_temple_entry_stoned_glass, ebering_ghost_reflecting_pool
D:5:      layout_gridville, nicolae_shop_vocational
D:6:      layout_basic, mainiacjoe_overflow_alcove_2, enter_ossuary_3
D:7:      layout_loops_cross, serial_shops, kennysheep_mini,
          dreamdust_princess_bridge, nicolae_concentric_dashed_squares_wild
D:8:      layout_gridville, david_lair_shrubbed, bh_walls_and_bars
D:9:      layout_stronghold, minivault_27, kennysheep_generic_room_10
D:10:     layout_basic, nicolae_vehumet_altar_sigil,
          mainiacjoe_overflow_chevrons, david_orc_5, uniq_erolcha, uniq_amaemon,
          uniq_grum
Temple:   nicolae_temple_bog_church
Abyss:2:  base: D:9, kilobyte_mutagenic_chamber, hangedman_abyss_river_spirits,
          evilmike_abyss_exit_11

Skill      XL: |  1  2  3  4  5  6  7  8  9 10 11 |
---------------+----------------------------------+-----
Stealth        | 3 4 6 |  6.2
Conjurations   | 2 3 9 |  9.5
Throwing       | 1 2 |  2.0
Air Magic      | 4 6 |  6.0
Fighting       | 6 8 |  8.5
Spellcasting   | 6 7 |  7.3
Dodging        | 5 7 |  7.9
Ranged Weapons | 1 3 6 |  6.9
Evocations     | 4 6 |  6.5
Transmutations | 4 |  4.0

Action                   |  1- 3 |  4- 6 |  7- 9 | 10-12 || total
-------------------------+-------+-------+-------+-------++-------
Melee: Unarmed           |     8 |       |       |       ||     8
       Constrict         |     3 |     6 |       |       ||     9
       Tentacles         |     1 |     2 |       |       ||     3
       Short sword       |     3 |    15 |       |       ||    18
       Dagger            |     1 |       |       |       ||     1
 Fire: Sling             |       |       |   250 |   185 ||   435
 Cast: Shock             |    63 |   121 |     6 |     1 ||   191
       Airstrike         |       |       |     3 |   218 ||   221
       Swiftness         |       |       |     3 |     3 ||     6
       Static Discharge  |       |       |     2 |       ||     2
       Wereblood         |       |       |       |     1 ||     1
       Blink             |       |       |       |     2 ||     2
Evoke: Phantom mirror    |       |       |       |     1 ||     1
  Use: Potion            |       |     2 |     5 |     3 ||    10
       Scroll            |       |     4 |     6 |     8 ||    18
Armor: Skin              |     2 |       |     6 |    22 ||    30
Dodge: Dodged            |    10 |    17 |   120 |   151 ||   298
